 Dungeon Crawl Stone Soup version 0.21-a0-401-g0b6bec4 (webtiles) character file.

109 penrosetingle the Digger (level 4, -7/39 HPs)
             Began as a Troll Earth Elementalist on Oct 25, 2017.
             Mangled by a gnoll
             ... wielding a +0 halberd
              (14 damage)
             ... on level 3 of the Dungeon.
             The game lasted 00:15:53 (2199 turns).

penrosetingle the Digger (Troll Earth Elementalist) Turns: 2199, Time: 00:15:54

Health: -7/39      AC:  5    Str: 17    XL:     4   Next: 60%
Magic:  5/5        EV: 10    Int: 11    God:
Gold:   93         SH:  0    Dex: 10    Spells: 3/6 levels left

rFire    . . .     SeeInvis +   j - +2 whip (distort)
rCold    . . .     Gourm    +   (no shield)
rNeg     . . .     Faith    .   c - +0 robe
rPois    .         Spirit   .   (helmet restricted)
rElec    .         Reflect  .   (no cloak)
rCorr    .         Harm     .   (gloves unavailable)
MR       .....                  (boots unavailable)
Stlth    ++........             (no amulet)
HPRegen  0.53/turn              q - ring of stealth
MPRegen  0.09/turn              u - ring of see invisible

@: no status effects
A: unfitting armour, claws 3, fast metabolism 3, gourmand, regeneration 1,
shaggy fur 1, tough skin 2
a: no special abilities


You were on level 3 of the Dungeon.
You were full.

You visited 1 branch of the dungeon, and saw 3 of its levels.

You collected 93 gold pieces.

Inventory:

Hand Weapons
 j - a +2 whip of distortion (weapon)
Missiles
 b - 83 stones (quivered)
Armour
 c - a +0 robe (worn)
Jewellery
 q - a ring of stealth (left claw)
 u - a ring of see invisible (right claw)
 v - an uncursed ring of ice
Scrolls
 g - a scroll of immolation {unknown}
 h - 2 scrolls of teleportation {unknown}
 l - a scroll of magic mapping {unknown}
 m - a scroll of noise {unknown}
 n - a scroll of remove curse {unknown}
 o - a scroll of recharging {unknown}
 p - 2 scrolls of random uselessness {unknown}
Potions
 a - a potion of magic {unknown}
 f - a potion of lignification {unknown}
 i - a potion of mutation {unknown}
 r - a potion of degeneration {unknown}
 s - a potion of invisibility {unknown}
 t - a potion of haste {unknown}
Books
 e - a book of Geomancy

   Spells                             Type                      Level
   a - Sandblast                      Earth                        1
   b - Passwall                       Transmutation/Earth          2
   c - Stone Arrow                    Conjuration/Earth            3
   d - Petrify                        Transmutation/Earth          4
   e - Lee's Rapid Deconstruction     Earth                        5
Comestibles
 d - 4 bread rations
 k - 2 fruits


   Skills:
 + Level 0.2 Fighting
 + Level 1.1 Maces & Flails
 + Level 2.2 Dodging
 + Level 1.2 Stealth
 + Level 1.1 Unarmed Combat
 + Level 1.6 Spellcasting
 + Level 0.6 Transmutations
 + Level 3.4 Earth Magic


You had 3 spell levels left.
You knew the following spells:

 Your Spells              Type           Power        Failure   Level  Hunger
a - Sandblast             Erth           #.....       8%          1    ##.....
b - Passwall              Tmut/Erth      #.........   21%         2    ###....


Dungeon Overview and Level Annotations

Branches:
Dungeon (3/15)

Altars:


Innate Abilities, Weirdness & Mutations

You are too large for most types of armour.
You have claws for hands.
Your metabolism is lightning-fast.
You like to eat raw meat.
Your natural rate of healing is unusually fast.
You are covered in fur. (AC +1)
You have very tough skin. (AC +2)


Message History

Your Maces & Flails skill increases to level 1!
You hit the gnoll.
Space bends around the gnoll.
The gnoll is severely wounded.
The gnoll hits you.
You hit the gnoll but do no damage.
Space warps horribly around the gnoll!
You kill the gnoll!
The gnoll throws a throwing net.
The throwing net hits you.
You become entangled in the net!
You tear a large gash into the net.
You struggle against the net.
You struggle against the net.
The gnoll hits you but does no damage.
The gnoll hits you from afar with a halberd!
You rip the net and break free!
The gnoll misses you.
You hit the gnoll.
The gnoll is lightly wounded.
The gnoll blinks!
The gnoll hits you with a halberd!
* * * LOW HITPOINT WARNING * * *
The gnoll hits you from afar with a halberd!
You die...

### ##.## ########.#.##
#.......###.# ##
#.######.#.## .#######.#
##.## #.#.>....# #@#
##..###### #ยง# ###.#
#g# # #.### #)# ###...#
#.# ##..#.### #g#
#...#...########.#
..#####.............g...
#...#.....[..........#g#


You could see 2 gnolls.

Vanquished Creatures
  Robin (D:2)
  2 gnolls (D:3)
  An adder (D:2)
  A worm (D:2)
  A leopard gecko (D:1)
  An orc (D:3)
  2 giant cockroaches
  7 hobgoblins
  6 jackals
  4 kobolds
  4 bats
  3 frilled lizards
  18 goblins
  3 rats
54 creatures vanquished.

Vanquished Creatures (others)
  A worm (D:3)
  An orc (D:3)
  A hobgoblin (D:2)
3 creatures vanquished.

Grand Total: 57 creatures vanquished

Notes
Turn   | Place    | Note
-------+----------+-------------------------------------------
     0 | D:1      | penrosetingle the Troll Earth Elementalist began the quest for the Orb.
     0 | D:1      | Reached XP level 1. HP: 16/16 MP: 1/1
   161 | D:1      | Reached skill level 3 in Earth Magic
   179 | D:1      | Reached XP level 2. HP: 18/24 MP: 2/2
  1046 | D:2      | Reached XP level 3. HP: 31/31 MP: 4/4
  1095 | D:2      | Reached skill level 1 in Unarmed Combat
  1162 | D:2      | Noticed Robin
  1187 | D:2      | Killed Robin
  1308 | D:2      | Learned a level 2 spell: Passwall
  1391 | D:2      | Reached XP level 4. HP: 30/39 MP: 5/5
  1880 | D:3      | Noticed an ice beast
  1897 | D:2      | HP: 1/39 [ice beast (5)]
  2188 | D:3      | Reached skill level 1 in Maces & Flails
  2199 | D:3      | Mangled by a gnoll

Vault maps used:
D:1:      elethiomel_arrival_infinity_welcomes_careful_drivers
D:2:      first_bread, uniq_robin

Skill      XL: |  1  2  3  4 |
---------------+-------------+-----
Earth Magic    | 3 |  3.4
Unarmed Combat | 1 |  1.1
Dodging        | 2 |  2.2
Maces & Flails | 1 |  1.1
Fighting       | |  0.2
Stealth        | |  1.2
Spellcasting   | |  1.6
Transmutations | |  0.6

Action                   |  1- 3 |  4- 6 || total
-------------------------+-------+-------++-------
Melee: Unarmed           |    19 |       ||    19
       Whip              |    92 |    37 ||   129
 Cast: Sandblast         |    11 |     8 ||    19
       Passwall          |       |     5 ||     5
  Use: Potion            |       |     2 ||     2
  Eat: Chunk             |    19 |     5 ||    24
Armor: Robe              |    45 |    11 ||    56
Dodge: Dodged            |    63 |    13 ||    76

Table legend:
 A = Spawn XP
 B = Non-spawn XP
 C = Spawn XP percentage of total XP
 D = Spawn monster count
 E = Non-spawn monster count
 F = Spawn count percentage of total count
 G = Total turns spent on level
                    A         B        C        D         E        F      G
               +---------+---------+-------+---------+---------+-------+---------
         Total |       0 |     157 |   0.0 |       0 |      57 |   0.0 |  2199
               +---------+---------+-------+---------+---------+-------+---------
           D:1 |       0 |      35 |   0.0 |       0 |      20 |   0.0 |  1002
           D:2 |       0 |      82 |   0.0 |       0 |      30 |   0.0 |  1043
           D:3 |       0 |      40 |   0.0 |       0 |       7 |   0.0 |   154
               +---------+---------+-------+---------+---------+-------+---------
